 Dungeon Crawl Stone Soup version 0.30.1-3-gfc49f6343a (webtiles) character file.

Game seed: 15846606968547451830

30 shmup the Firebug (level 3, 0/19 HPs)
             Began as a Tengu Fire Elementalist on Aug 9, 2023.
             Slain by a gnoll
             ... wielding a +0 club
              (5 damage)
             ... on level 1 of the Dungeon.
             The game lasted 00:02:22 (1040 turns).

shmup the Firebug (Tengu Fire Elementalist)         Turns: 1040, Time: 00:02:22

Health: 0/19       AC:  2    Str:  8    XL:     3   Next: 20%
Magic:  5/7        EV: 12    Int: 17    God:
Gold:   84         SH:  0    Dex: 14    Spells: 5/6 levels left

rFire   . . .        e - +0 spear
rCold   . . .        (no shield)
rNeg    . . .        a - +0 robe
rPois   .            (helmet restricted)
rElec   .            (no cloak)
rCorr   .            (no gloves)
SInv    .            (boots unavailable)
Will    +....        (no amulet)
Stlth   ++           d - ring of willpower
HPRegen 0.23/turn    (no ring)
MPRegen 0.10/turn

%: no passive effects
@: no status effects
A: beak, talons 3
a: no special abilities


You were on level 1 of the Dungeon.
You visited 1 branch of the dungeon, and saw 2 of its levels.

You collected 84 gold pieces.

Inventory:

Hand Weapons
 e - a +0 spear (weapon)
 f - a +0 short sword
Missiles
 c - 9 poisoned darts (quivered)
 g - 11 stones
Armour
 a - a +0 robe (worn)
Jewellery
 d - a ring of willpower (left hand)
Potions
 b - a potion of magic
 h - a potion of degeneration {unknown}


   Skills:
 - Level 2.1 Dodging
 - Level 2.0 Stealth
 - Level 2.0 Spellcasting
 + Level 2.5 Conjurations
 * Level 4.3 Fire Magic


You had 5 spell levels left.
You knew the following spells:

 Your Spells              Type           Power      Damage    Failure   Level
a - Foxfire               Conj/Fire      52%        2x1d6     4%          1

Your spell library contained the following spells:

 Spells                   Type           Power      Damage    Failure   Level
 Scorch                   Fire           32%        2d6       4%          2
 Inner Flame              Hex/Fire       9%         N/A       24%         3
 Volatile Blastmotes      Fire/Tloc      18%        2d11      24%         3
 Flame Wave               Conj/Fire      13%        2d6       43%         4


Dungeon Overview and Level Annotations

Branches:
Dungeon (2/15) Zot: 10959

Altars:

Annotations:
D:2 Terence


Innate Abilities, Weirdness & Mutations

You have a beak for a mouth.
You have claws for feet.


Message History

There is a stone staircase leading up here.
Found a club.
Found 11 gold pieces. 2 gnolls come into view.
Found 4 stones and a mace.
A quokka and 2 gnolls come into view.
Found a scroll labelled ZATREM TEUNK.
The gnoll shouts!
The gnoll shouts!
You hear a shout! x2
Casting: Foxfire (safe; 4% risk of failure)
Confirm with . or Enter, or press ? or * to list all spells.
You conjure some foxfire!
The quokka misses you. The quokka closely misses you.
The foxfire hits the quokka.
You kill the quokka!
The foxfire hits the gnoll.
The gnoll is lightly wounded.
Casting: Foxfire (safe; 4% risk of failure)
Confirm with . or Enter, or press ? or * to list all spells.
You conjure some foxfire!
The gnoll hits you from afar with a +0 halberd.
* * * LOW HITPOINT WARNING * * *
The foxfire hits the gnoll.
The gnoll is moderately wounded.
The foxfire hits the gnoll.
The gnoll is heavily wounded.
The gnoll barely misses you. The gnoll attacks as you move away!
The gnoll closely misses you. The gnoll attacks as you move away!
The gnoll hits you with a +0 club!
* * * LOW HITPOINT WARNING * * *
There is a stone staircase leading up here.
The gnoll hits you with a +0 club.
* * * LOW HITPOINT WARNING * * *
You climb upwards.
There is a stone staircase leading down here.
The gnoll attacks as you move away! The gnoll closely misses you.
Unknown command.
Casting: Foxfire (safe; 4% risk of failure)
Confirm with . or Enter, or press ? or * to list all spells.
You conjure some foxfire!
The gnoll hits you with a +0 club.
You die...

▒▒▒▒▒▒▒▒▒▒▒ ▒.........▒
▒▒▒▒▒▒▒▒▒▒▒▒▒▒▒▒ ▒.▒.▒▒▒▒▒.▒
▒▒............... ▒.▒.▒...▒.▒
▒...▒▒▒▒▒▒▒▒▒▒▒▒▒ ▒.▒.▒.▒.▒.▒
▒...▒▒ ▒.▒.▒%▒.▒.▒ ▒....▒▒
▒.▒...▒.▒.▒ ▒▒g▒▒..▒▒▒▒▒▒
▒.▒▒▒▒▒.▒.▒ ▒Qv▒▒.......▒▒▒▒▒▒
▒.......▒.▒▒▒v.▒▒.............
▒.▒▒▒▒▒.▒.▒▒...▒▒....▒..▒▒▒▒▒▒
▒.▒...▒.▒.▒▒.▒.▒▒.............
▒.▒.▒.▒.▒.▒▒.▒.▒▒▒....▒.▒▒▒▒▒.
▒.▒.▒.▒.▒.▒▒.▒.▒ ▒▒▒....▒ ▒.
▒▒.▒.▒...▒.▒▒.▒.▒▒ ▒▒...▒▒▒ ▒)
▒..▒.▒▒▒▒▒.......▒ ▒▒....▒▒▒.
▒▒..▒.............▒▒▒▒▒▒▒....▒▒.


You could see a gnoll (ally target).

Vanquished Creatures
  3 bats (D:1)
  An endoplasm (D:1)
  3 giant cockroaches (D:1)
  2 goblins (D:1)
  2 hobgoblins (D:1)
  5 kobolds (D:1)
  3 quokkas
  3 ball pythons (D:1)
  5 rats (D:1)
27 creatures vanquished.

Vanquished Creatures (others)
  64 foxfires
64 creatures vanquished.

Grand Total: 91 creatures vanquished

Notes
Turn   | Place    | Note
-------+----------+-------------------------------------------
     0 | D:1      | shmup the Tengu Fire Elementalist began the quest for the
                  | Orb.
     0 | D:1      | Reached XP level 1. HP: 10/10 MP: 4/4
   208 | D:1      | Reached XP level 2. HP: 15/15 MP: 4/6
   380 | D:1      | Reached skill level 4 in Fire Magic
   705 | D:1      | Reached XP level 3. HP: 12/19 MP: 4/7
  1004 | D:2      | Noticed Terence
  1040 | D:1      | Slain by a gnoll

Illustrated notes

Levels and vault maps discovered:
D:1:      eino_arrival_druids_welcome, layout_rooms, roderic_lattice_a
D:2:      layout_rooms, corexii_leaking_fountain, hex_intersection,
          kennysheep_cross_bottleneck, wander_ebering_terrifying_dragon_lair,
          uniq_terence

Skill      XL: |  1  2 |
---------------+-------+-----
Conjurations   | 2 |  2.5
Fire Magic     | 4 |  4.3
Dodging        | |  2.1
Stealth        | |  2.0
Spellcasting   | |  2.0

Action                     || total
---------------------------++-------
   Cast: Foxfire           ||    39
 Armour: Robe              ||     1
  Dodge: Dodged            ||     6
